 Dungeon Crawl Stone Soup version 0.20.0-15-g7f486f2 (webtiles) character file.

26 taytron the Skirmisher (level 3, -10/33 HPs)
             Began as a Hill Orc Monk on June 12, 2017.
             Mangled by Crazy Yiuf
             ... wielding a +4 quarterstaff of chaos
              (12 damage)
             ... on level 2 of the Dungeon.
             The game lasted 00:13:26 (773 turns).

taytron the Skirmisher (Hill Orc Monk)               Turns: 773, Time: 00:13:26

Health: -10/33     AC:  4    Str: 13    XL:     3   Next: 8%
Magic:  3/3        EV: 12    Int: 10    God:
Gold:   77         SH:  0    Dex: 14    Spells: 2/2 levels left

rFire    . . .     SeeInvis +   o - +0 hand axe
rCold    . . .     Gourm    .   (no shield)
rNeg     . . .     Faith    .   h - +0 leather armour
rPois    .         Spirit   .   (no helmet)
rElec    .         Reflect  .   p - +0 cloak
rCorr    .         Harm     .   (no gloves)
MR       .....                  (no boots)
Stlth    ++........             q - amulet of inaccuracy (curse)
Regen    0.2/turn               r - ring of see invisible
MPRegen  0.1/turn               (no ring)

@: no status effects
A: no striking features
a: no special abilities


You were on level 2 of the Dungeon.
You were not hungry.

You visited 1 branch of the dungeon, and saw 2 of its levels.

You collected 77 gold pieces.

Inventory:

Hand Weapons
 a - a +0 short sword
 d - a +0 whip
 i - a +0 club
 o - a +0 hand axe (weapon)
 s - a +0 club
 v - a +0 mace
 x - a +0 dagger
 z - a +0 short sword
 A - a +0 club
 B - a +0 whip
 F - a +0 dagger
 H - a +0 spear
Missiles
 l - 37 arrows
 y - 26 sling bullets
 C - 7 stones (quivered)
 E - 5 tomahawks
Armour
 b - a +0 robe
 h - a +0 leather armour (worn)
 p - a +0 cloak (worn)
 D - a +0 robe
 G - a +0 ring mail
Jewellery
 q - a cursed amulet of inaccuracy (around neck)
 r - a ring of see invisible (left hand)
Scrolls
 e - 2 scrolls of enchant armour {unknown}
 j - 2 scrolls of identify {unknown}
 k - a scroll of recharging {unknown}
 m - a scroll of enchant weapon {unknown}
 w - a scroll of fear {unknown}
Potions
 f - 2 potions of curing {unknown}
 n - a potion of might {unknown}
 t - a potion of heal wounds {unknown}
Comestibles
 c - 2 bread rations
 g - a chunk of flesh
 u - 2 meat rations


   Skills:
 + Level 4.1 Fighting
 - Level 3.1 Short Blades
 * Level 1.8 Axes
 * Level 0.4 Armour
 - Level 2.5 Dodging
 - Level 1.5 Stealth


You had 2 spell levels left.
You didn't know any spells.

Dungeon Overview and Level Annotations

Branches:
Dungeon (2/15)

Altars:

Annotations:
D:2 Crazy Yiuf


Message History

Crazy Yiuf the Enlightened comes into view.
He is wielding a quarterstaff of chaos.
Crazy Yiuf shouts!
Found a mace.
Crazy Yiuf says, "Whippet!"
Some of the chunks of flesh in your inventory have rotted away.
There is an open door here.
Crazy Yiuf barely misses you.
Crazy Yiuf hits you with a quarterstaff of chaos.
Space warps horribly around you!
You miss Crazy Yiuf. Crazy Yiuf barely misses you.
You hit Crazy Yiuf but do no damage.
Crazy Yiuf hits you with a quarterstaff of chaos.
* * * LOW HITPOINT WARNING * * *
You hit Crazy Yiuf but do no damage.
Crazy Yiuf hits you with a quarterstaff of chaos!
* * * LOW HITPOINT WARNING * * *
You closely miss Crazy Yiuf.
Crazy Yiuf cries, "Aardvark mumblescurry infinity!"
Crazy Yiuf hits you with a quarterstaff of chaos!
You die...

#....#
#####
♣....♣
♣...♣♣
♣♣.♣♣
♣.♣♣
♣♣.♣
♣.♣♣
♣♣.♣
#@#
#.g.#
#...#
#..)#
#####


You could see Crazy Yiuf.

Vanquished Creatures
  A dart slug (D:1)
  2 giant cockroaches (D:1)
  3 goblins
  3 hobgoblins (D:1)
  2 bats (D:1)
  A frilled lizard (D:2)
  5 kobolds
  7 rats (D:1)
24 creatures vanquished.

Notes
Turn   | Place    | Note
-------+----------+-------------------------------------------
     0 | D:1      | taytron the Hill Orc Monk began the quest for the Orb.
     0 | D:1      | Reached XP level 1. HP: 19/19 MP: 1/1
   169 | D:1      | Reached XP level 2. HP: 21/27 MP: 2/2
   172 | D:1      | Reached skill level 4 in Fighting
   228 | D:1      | Reached skill level 1 in Axes
   634 | D:2      | Reached XP level 3. HP: 33/33 MP: 3/3
   762 | D:2      | Found a runed door.
   766 | D:2      | Noticed Crazy Yiuf
   773 | D:2      | Mangled by Crazy Yiuf

Skill      XL: |  1  2 |
---------------+-------+-----
Fighting       | 4 |  4.1
Axes           | 1 |  1.8
Short Blades   | |  3.1
Armour         | |  0.4
Dodging        | |  2.5
Stealth        | |  1.5

Action                   || total
-------------------------++-------
Melee: Short sword       ||    23
       Hand axe          ||    47
 Stab: Sleeping          ||     1
Armor: Robe              ||     3
       Leather armour    ||     8
Dodge: Dodged            ||    37
